 Dungeon Crawl Stone Soup version 0.25.0-11-g1f837a76a1 (webtiles) character file.

Game seed: 4574380420258205234

57333 Kerr0r the Severer (level 14, -3/132 HPs)
             Began as a Hill Orc Berserker on June 26, 2020.
             Was a High Priest of Trog.
             Slain by an orc knight
             ... wielding a +2 great sword of freezing
              (19 damage)
             ... on level 2 of the Orcish Mines on June 27, 2020.
             The game lasted 01:14:02 (24729 turns).

Kerr0r the Severer (Hill Orc Berserker)            Turns: 24729, Time: 01:14:03

Health: -3/132     AC: 28    Str: 25    XL:     14   Next: 85%
Magic:  0/4        EV:  8    Int:  7    God:    Trog [*****.]
Gold:   1426       SH:  0    Dex:  7    Spells: 13/13 levels left

rFire    + . .     SeeInvis .   j - +9 executioner's axe (antimagic)
rCold    . . .     Gourm    .   (shield currently unavailable)
rNeg     . . .     Faith    .   t - +0 plate armour
rPois    +         Spirit   +   J - +0 helmet
rElec    .         Reflect  .   b - +2 cloak {MR+}
rCorr    +         Harm     .   n - +2 pair of gloves
MR       ++...                  a - +0 pair of boots
Stlth    ..........             L - amulet "Jaaph" {Spirit +Blink rPois Dex-3}
HPRegen  0.32/turn              p - ring of protection from fire
MPRegen  0.09/turn              E - ring of resist corrosion

@: berserk cooldown, slowed, very slow
A: no striking features
a: Berserk, Trog's Hand, Brothers in Arms, Renounce Religion, Evoke Blink


You were on level 2 of the Orcish Mines.
You worshipped Trog.
Trog was extremely pleased with you.
You were hungry.

You visited 3 branches of the dungeon, and saw 18 of its levels.

You collected 1514 gold pieces.
You spent 88 gold pieces at shops.

Inventory:

Hand Weapons
 j - a +9 antimagic executioner's axe (weapon)
 X - a +2 vorpal battleaxe
Armour
 a - a +0 pair of boots (worn)
 b - a +2 cloak of magic resistance (worn)
 l - a +2 cloak
 n - a +2 pair of gloves (worn)
 t - a +0 plate armour (worn)
 J - a +0 helmet (worn)
Jewellery
 p - a ring of protection from fire (left hand)
 r - an uncursed amulet of reflection
 E - a ring of resist corrosion (right hand)
 H - a +4 ring of evasion
 L - the amulet "Jaaph" (around neck) {Spirit +Blink rPois Dex-3}
   (You found it on level 6 of the Lair of Beasts)

   [amulet of guardian spirit]

   It causes incoming damage to be split between your health and magic.
   It affects your dexterity (-3).
   It protects you from poison.
   It lets you blink.
 P - a +6 ring of intelligence
 V - an uncursed ring of flight
Wands
 s - a wand of clouds (8)
 x - a wand of polymorph (8)
 A - a wand of random effects (40)
 I - a wand of flame (44)
 N - a wand of paralysis (25)
 O - a wand of iceblast (23)
 R - a wand of enslavement (8)
 S - a wand of disintegration (31)
Scrolls
 d - 8 scrolls of teleportation
 e - 4 scrolls of fog
 i - 3 scrolls of magic mapping
 o - 3 scrolls of remove curse
 q - 4 scrolls of fear
 C - a scroll of enchant weapon
 G - 2 scrolls of enchant armour
 M - a scroll of identify
 Y - a scroll of silence {unknown}
Potions
 g - 3 potions of flight
 h - 2 potions of degeneration {unknown}
 k - 3 potions of cancellation
 m - a potion of magic {unknown}
 u - 4 potions of mutation
 v - 7 potions of curing
 w - 2 potions of heal wounds
 z - 2 potions of lignification
 B - 5 potions of brilliance
 D - a potion of berserk rage {unknown}
 F - 2 potions of invisibility
 K - 3 potions of stabbing {unknown}
 Q - a potion of might
 W - a potion of resistance {unknown}
Comestibles
 c - 46 rations
 f - 6 chunks of flesh


   Skills:
 - Level 14.1 Fighting
 + Level 19.7 Axes
 * Level 16.7 Armour
 - Level 1.5 Dodging


You had 13 spell levels left.
You didn't know any spells.
Your spell library was empty.

Dungeon Overview and Level Annotations

Branches:
Dungeon (10/15)            Temple (0/1) D:6            Lair (6/6) D:10
  Swamp (0/4) Lair:2        Snake (0/4) Lair:2        Slime (0/5) Lair:5
    Orc (2/2) D:9             Elf (0/3) Orc:2

Altars:
Dithmenos
Elyvilon
Gozag
Kikubaaqudgha
Yredelemnul
Zin
Jiyva

Shops:
D:8 ?


Message History

You closely miss the orc knight.
The orc knight is almost dead.
You closely miss the orc warrior. You slash the orc knight!
The orc warrior no longer looks unusually strong.
The orc warrior hits you but does no damage.
The orc warrior barely misses you.
The orc knight hits you with a +0 war axe!!
* * * LOW HITPOINT WARNING * * *
The orc knight hits you with a +2 great sword of freezing!
* * * LOW HITPOINT WARNING * * *
The orc knight freezes you.
* * * LOW HITPOINT WARNING * * *
Okay, then.
Okay, then.
You feel much better. The orc warrior closely misses you.
The orc warrior hits you from afar with a +0 trident!
* * * LOW HITPOINT WARNING * * *
The orc knight barely misses you.
The orc knight hits you with a +2 great sword of freezing!!
You die...

#.##..##...##....................
.. ######.##......##............)
.. ##.........#............. ..
#o........##............# ..
##...#.##.#.#............. ..
##.#.######.............#.. #.##
##...## ##.....#...#....#
...###)#.##########...##..##.....
.............)oo@................
#...)).......oooo................
...######..#######.###.###.######
#..# #..#. #.# #.# #.# #..#
#).#.. #.###.###.# #..# #o.#...
#.........# #..#
#)o###'###.###.###.# #..
#)%........# #.# #.###+##
o.o..o...8...8..# #.# #.......


You could see 2 orc knights, 2 orc warriors and 2 orcs.

Vanquished Creatures
  Gastronok (D:8)
  The ghost of Fashaeth the Severer, an adept VSFi of Okawaru (Lair:6)
  The ghost of EnegeticOcto the Severer, a journeyman MiFi (Lair:6)
  Harold (D:8)
  The ghost of Krehm the Carver, a journeyman BaIE of Cheibriados (D:8)
  2 hydras (Lair:6)
  A merfolk avatar (Lair:6)
  A death yak (Lair:5)
  Sonja (Lair:1)
  2 sea snakes (Lair:6)
  Pikel (D:5)
  4 orc knights (Orc:2)
  An oklob plant (Lair:2)
  A manticore (Lair:6)
  5 black mambas
  14 elephants
  Joseph (D:9)
  A gargoyle (D:10)
  2 molten gargoyles (Lair:3)
  5 rime drakes
  A centaur skeleton (D:9)
  13 spiny frogs
  7 komodo dragons
  3 trolls
  A queen bee (D:10)
  2 polar bears
  24 blink frogs
  5 dream sheep (Lair:6)
  3 hornets
  2 wind drakes (Lair:6)
  6 hippogriffs
  5 spriggans
  25 yaks
  4 wyverns
  A vampire (D:9)
  Grum (Lair:1)
  3 fire elementals (Lair:4)
  Eustachio (D:5)
  6 basilisks
  A swamp worm (Lair:2)
  A soldier ant (D:8)
  7 wargs
  9 porcupines
  13 water moccasins
  A slave (D:5)
  4 black bears
  22 orc warriors
  An eye of draining (D:8)
  A phantom (D:9)
  3 sky beasts
  3 ogres
  A necrophage (D:7)
  14 wolves
  2 centaurs
  A big kobold (D:6)
  11 crocodiles
  11 bullfrogs
  A gnoll sergeant (D:8)
  A scorpion (D:6)
  21 killer bees
  4 wights
  7 howler monkeys
  3 bullfrog zombies
  8 crimson imps
  6 lava snakes
  5 hounds
  4 jellies
  A gnoll shaman (D:6)
  15 orc priests
  Crazy Yiuf (D:5)
  2 bullfrog skeletons
  9 orc wizards
  6 worker ants
  2 hound zombies (D:8)
  3 hound skeletons
  8 gnolls
  2 howler monkey skeletons
  11 adders
  A shadow imp (D:9)
  12 white imps (Lair:5)
  2 oozes (D:3)
  An adder zombie (D:6)
  3 adder skeletons
  A worm (D:8)
  3 dart slugs
  8 leopard geckos
  64 orcs
  2 ball pythons
  12 bats
  A bat zombie (D:2)
  3 giant cockroaches
  6 goblins
  5 hobgoblins
  8 jackals
  4 quokkas
  5 frilled lizards
  11 kobolds
  2 quokka skeletons
  7 rats
  3 rat zombies (D:2)
  6 fungi
  5 plants
561 creatures vanquished.

Vanquished Creatures (collateral kills)
  5 hydras
  A rime drake (Lair:6)
  A hippogriff (Lair:5)
  A basilisk (Lair:5)
  A water moccasin (Lair:5)
9 creatures vanquished.

Vanquished Creatures (others)
  An adder (D:5)
  21 fungi
  18 plants
40 creatures vanquished.

Grand Total: 610 creatures vanquished

Notes
Turn   | Place    | Note
-------+----------+-------------------------------------------
     0 | D:1      | Kerr0r the Hill Orc Berserker began the quest for the Orb.
     0 | D:1      | Reached XP level 1. HP: 19/19 MP: 1/1
   264 | D:1      | Reached XP level 2. HP: 24/27 MP: 2/2
   522 | D:1      | Reached XP level 3. HP: 34/34 MP: 3/3
  1013 | D:1      | Reached skill level 5 in Axes
  1129 | D:1      | Reached ** piety under Trog
  1539 | D:2      | Reached XP level 4. HP: 41/41 MP: 4/4
  1778 | D:2      | Found an ancient bone altar of Kikubaaqudgha.
  1986 | D:3      | Reached skill level 5 in Fighting
  2144 | D:3      | Found a glowing silver altar of Zin.
  2297 | D:3      | Found an opulent altar of Gozag.
  2416 | D:3      | Reached XP level 5. HP: 48/48 MP: 5/5
  2622 | D:3      | Reached skill level 6 in Axes
  3222 | D:4      | Reached *** piety under Trog
  3312 | D:4      | Reached XP level 6. HP: 57/57 MP: 6/6
  3465 | D:4      | Reached skill level 7 in Axes
  3705 | D:5      | Entered Level 5 of the Dungeon
  3862 | D:5      | Noticed Pikel
  3862 | D:5      | Noticed a slave
  3862 | D:5      | Noticed a slave
  3881 | D:5      | Noticed a slave
  3883 | D:5      | Noticed a slave
  3891 | D:5      | Killed a slave
  3901 | D:5      | Killed Pikel
  3901 | D:5      | Reached skill level 8 in Axes
  3901 | D:5      | Reached XP level 7. HP: 43/68 MP: 7/7
  3990 | D:5      | Found a runed translucent door.
  3991 | D:5      | Noticed Crazy Yiuf
  4000 | D:5      | Killed Crazy Yiuf
  4000 | D:5      | Reached skill level 9 in Axes
  4095 | D:5      | Found a shadowy altar of Dithmenos.
  4129 | D:5      | Reached XP level 8. HP: 72/74 MP: 8/8
  4143 | D:5      | Noticed Eustachio
  4171 | D:5      | Killed Eustachio
  5401 | D:6      | Reached skill level 10 in Axes
  6011 | D:6      | Reached skill level 10 in Fighting
  6033 | D:6      | Reached XP level 9. HP: 85/85 MP: 9/9
  6137 | D:6      | Found a staircase to the Ecumenical Temple.
  6192 | D:6      | Reached skill level 11 in Axes
  6301 | D:6      | Reached **** piety under Trog
  6628 | D:7      | Noticed a hornet
  6636 | D:7      | Killed a hornet
  7236 | D:7      | Found a basalt altar of Yredelemnul.
  7463 | D:8      | Reached skill level 12 in Axes
  7546 | D:8      | Noticed Gastronok
  7571 | D:8      | Killed Gastronok
  7571 | D:8      | Reached skill level 13 in Axes
  7571 | D:8      | Reached XP level 10. HP: 42/97 MP: 10/10
  7867 | D:8      | Paralysed by a hornet for 1 turns
  8304 | D:8      | Found a runed translucent door.
  8304 | D:8      | Identified the cursed +1 trident of Doomed Tender Mercy
                  | {speed, rC- Str+2 Dex+4 SInv}
  8772 | D:8      | Noticed Harold
  8794 | D:8      | Killed Harold
  8794 | D:8      | Reached skill level 14 in Axes
  8815 | D:8      | Found a white marble altar of Elyvilon.
  9322 | D:8      | Reached XP level 11. HP: 95/106 MP: 11/11
  9515 | D:8      | Found Kepn's Magic Scroll Boutique.
  9519 | D:8      | Bought 3 scrolls of identify for 66 gold pieces
  9519 | D:8      | Bought a scroll of identify for 22 gold pieces
  9639 | D:8      | Noticed Krehm's ghost (journeyman BaIE)
  9710 | D:8      | Reached skill level 15 in Axes
  9715 | D:8      | Killed Krehm's ghost
  9955 | D:9      | Noticed Joseph
 10016 | D:9      | Killed Joseph
 10247 | D:9      | Found a white marble altar of Elyvilon.
 10486 | D:9      | Reached ***** piety under Trog
 10556 | D:9      | Found a staircase to the Orcish Mines.
 10685 | D:9      | Reached skill level 5 in Armour
 11822 | D:10     | Entered Level 10 of the Dungeon
 11909 | D:10     | Received a gift from Trog
 12234 | D:10     | Reached skill level 16 in Axes
 12896 | D:10     | Reached XP level 12. HP: 102/115 MP: 12/12
 13137 | D:10     | Found a staircase to the Lair.
 13392 | Lair:1   | Entered Level 1 of the Lair of Beasts
 13795 | Lair:1   | Noticed Sonja
 13802 | Lair:1   | Killed Sonja
 14040 | Lair:1   | Reached skill level 10 in Armour
 14323 | Lair:1   | Noticed Grum
 14338 | Lair:1   | Killed Grum
 14584 | Lair:1   | Noticed a five-headed hydra
 14599 | Lair:1   | Killed a six-headed hydra
 14599 | Lair:1   | Reached skill level 17 in Axes
 14832 | Lair:1   | Received a gift from Trog
 15673 | Lair:2   | Noticed a five-headed hydra
 15691 | Lair:2   | Noticed an eight-headed hydra
 15691 | Lair:2   | Killed a nine-headed hydra
 15695 | Lair:2   | Killed an eight-headed hydra
 15927 | Lair:2   | Found a staircase to the Swamp.
 16012 | Lair:2   | Found a staircase to the Snake Pit.
 16394 | Lair:2   | Reached XP level 13. HP: 90/122 MP: 4/13
 18601 | Lair:4   | Reached skill level 18 in Axes
 19538 | Lair:4   | Identified a scroll of acquirement
 20524 | Lair:5   | Found a viscous altar of Jiyva.
 20524 | Lair:5   | Found a staircase to the Slime Pits.
 20707 | Lair:5   | Got a crystal broad axe
 20708 | Lair:5   | Identified the +9 broad axe of Dust {freeze, rPois rF+}
                  | (You found it on level 5 of the Lair of Beasts)
 21014 | Lair:6   | Entered Level 6 of the Lair of Beasts
 21127 | Lair:6   | Found a runed translucent gate.
 21128 | Lair:6   | Found a runed translucent gate.
 21129 | Lair:6   | Found a runed translucent gate.
 21130 | Lair:6   | Noticed Fashaeth's ghost (adept VSFi)
 21131 | Lair:6   | Noticed EnegeticOcto's ghost (journeyman MiFi)
 21372 | Lair:6   | Reached XP level 14. HP: 100/132 MP: 14/14
 21518 | Lair:6   | Reached skill level 15 in Armour
 21819 | Lair:5   | Reached skill level 19 in Axes
 22583 | Lair:6   | Got a flickering silver amulet
 22606 | Lair:6   | Identified the amulet "Jaaph" {Spirit +Blink rPois Dex-3}
                  | (You found it on level 6 of the Lair of Beasts)
 23296 | Lair:6   | Killed Fashaeth's ghost
 23300 | Lair:6   | Killed EnegeticOcto's ghost
 23742 | Orc:1    | Entered Level 1 of the Orcish Mines
 23946 | Orc:2    | Entered Level 2 of the Orcish Mines
 23946 | Orc:2    | Found a staircase to the Elven Halls.
 24728 | Orc:2    | HP: 6/132 [orc knight/+2 great sword of freezing (1)]
 24729 | Orc:2    | Slain by an orc knight

Illustrated notes

Levels and vault maps discovered:
D:1:      eino_arrival_cavern_d, layout_basic
D:2:      layout_basic, lemuel_zombie_altar_kikubaaqudgha
D:3:      layout_basic, nicolae_gozag_cash_rules_everything_around_me,
          zin_scriptorium
D:4:      wander_river, layout_loops_cross
D:5:      layout_layer_cave, nicolae_dithmenos_the_darkroom, first_ration,
          nrook_campfire, grunt_ministairs_11, minivault_5, uniq_pikel,
          uniq_eustachio, uniq_crazy_yiuf_cottage
D:6:      layout_basic, minmay_temple_entry_arrows
D:7:      layout_gridville, lemuel_round_altar
D:8:      layout_gridville, old_standard_altar, serial_shops, shop,
          ebering_ghost_funeral_grove, minivault_27, kennysheep_crisscross,
          hangedman_pestilent_swarm, uniq_gastronok, uniq_harold
D:9:      layout_grid_maze, david_orc_3, serial_park_tiny_pond,
          elyvilon_altar_1, uniq_joseph
D:10:     layout_basic, grunt_lair_entry_orc_guard_hut,
          minmay_stone_trees_small, minivault_7
Lair:1:   layout_chaotic_city, lemuel_fruit_fields, uniq_sonja, uniq_grum
Lair:2:   layout_roguey, palyth_hydra_swamp_entry, guppyfry_snake_entry_garden,
          dpeg_stationary_puzzle
Lair:3:   cheibrodos_magma_flow, layout_loops_ring, serial_bayou_shore_b,
          grunt_megastairs_4, serial_bayou_shore_b, serial_bayou_shore_b
Lair:4:   layout_gridlike, wad_woods_02
Lair:5:   layout_cellular_growth, dpeg_slime_entry_enclosed_altar,
          portal_ice_cave_entry_imps, chequers_serial_rivers_micro_b,
          hangedman_lair_generics_rect
Lair:6:   gammafunk_lair_ancient_temple, layout_concentric_octagons,
          enter_volcano_2, gammafunk_ghost_cemetery, grunt_megastairs_5
Orc:1:    layout_caves, basic_altar, nicolae_orc_rockfall
Orc:2:    st_orc_town, layout_caves

Skill      XL: |  1  2  3  4  5  6  7  8  9 10 11 12 13 14 |
---------------+-------------------------------------------+-----
Fighting       | 4 5 6 8 10 12 13 14 | 14.1
Axes           | 5 6 8 9 10 13 14 16 17 18 19 | 19.7
Armour         | 8 12 14 16 | 16.7
Dodging        | |  1.5

Action                   |  1- 3 |  4- 6 |  7- 9 | 10-12 | 13-15 || total
-------------------------+-------+-------+-------+-------+-------++-------
Melee: Hand axe          |   118 |   100 |       |       |       ||   218
       War axe           |       |   109 |   323 |   274 |       ||   706
       Battleaxe         |       |       |       |   261 |       ||   261
       Broad axe         |       |       |       |    41 |   216 ||   257
       Executioner's axe |       |       |       |    52 |   354 ||   406
Invok: Berserk           |       |     3 |     9 |    14 |    14 ||    40
       Trog's Hand       |       |     1 |       |     1 |     6 ||     8
       Brothers in Arms  |       |       |       |     2 |     8 ||    10
Evoke: Wand              |       |       |       |     1 |       ||     1
  Use: Scroll            |     3 |     3 |     6 |    11 |    13 ||    36
       Potion            |       |     1 |     1 |     2 |     9 ||    13
 Stab: Paralysed         |       |       |       |     2 |       ||     2
       Petrified         |       |       |       |       |     4 ||     4
       Petrifying        |       |       |       |       |     2 ||     2
  Eat: Chunk             |     2 |    10 |    14 |    34 |    25 ||    85
       Ration            |       |       |     2 |     2 |     6 ||    10
Armor: Animal skin       |    14 |       |       |       |       ||    14
       Leather armour    |    26 |    14 |       |       |       ||    40
       Plate armour      |       |    95 |   161 |   394 |   438 ||  1088
Dodge: Dodged            |    80 |    68 |    82 |   196 |   217 ||   643
Block: Other             |       |    36 |    61 |   131 |    93 ||   321
       Reflection        |       |     1 |       |     2 |     3 ||     6
